 Dungeon Crawl Stone Soup version 0.27.0-1-g7a089689b8 (webtiles) character file.

Game seed: 10214364779796868273

10872 dinky the Covert (level 11, -16/47 HPs)
             Began as a Spriggan Enchanter on Aug 5, 2021.
             Was a Believer of Jiyva.
             Killed from afar by a rime drake (24 damage)
             ... with a flash freeze
             ... on level 5 of the Lair of Beasts.
             The game lasted 00:23:10 (11795 turns).

dinky the Covert (Spriggan Enchanter)              Turns: 11795, Time: 00:23:11

Health: -16/47     AC:  4    Str:  5    XL:     11   Next: 41%
Magic:  26/35      EV: 23    Int: 20    God:    Jiyva [**....]
Gold:   6          SH:  0    Dex: 15    Spells: 19/30 levels left

rFire    . . .     SeeInvis +   e - +5 short sword (elec)
rCold    . . .     Faith    +   (shield restricted)
rNeg     + . .     Spirit   .   D - +2 robe
rPois    .         Reflect  .   (helmet restricted)
rElec    .         Harm     .   H - scarf {shadows}
rCorr    .         Rampage  .   (gloves unavailable)
Will     +....                  (boots unavailable)
Stlth    +++++.....             l - amulet of faith
HPRegen  0.15/turn              j - ring of positive energy
MPRegen  0.24/turn              c - ring of magical power

@: marked, very quick
A: very small, no large weapons, unfitting armour, see invisible, speed 3,
hooves 1
a: Renounce Religion, Request Jelly


You were on level 5 of the Lair of Beasts.
You worshipped Jiyva.
Jiyva was pleased with you.
You visited 3 branches of the dungeon, and saw 14 of its levels.

You collected 382 gold pieces.
You spent 376 gold pieces at shops.

Inventory:

Hand Weapons
 a - a +1 dagger
 e - a +5 short sword of electrocution (weapon)
 E - a +4 dagger
Missiles
 f - 141 stones
 i - 32 sling bullets
 u - a curare-tipped dart
 x - 2 throwing nets
Armour
 D - a +2 robe (worn)
 H - a scarf of shadows (worn)
Jewellery
 c - a ring of magical power (right hand)
 j - a ring of positive energy (left hand)
 k - an amulet of reflection
 l - an amulet of faith (around neck)
 A - an amulet of guardian spirit
Wands
 n - a wand of flame (6)
 s - a wand of mindburst (13)
 t - a wand of digging (2)
 G - a wand of iceblast (5)
Scrolls
 m - 2 scrolls of fog
 o - 2 scrolls of immolation
 p - 2 scrolls of enchant armour
 v - a scroll of magic mapping
 B - a scroll of torment
 F - a scroll of holy word
Potions
 b - a potion of attraction {unknown}
 d - a potion of degeneration {unknown}
 g - a potion of mutation
 r - a potion of might
 w - a potion of flight {unknown}
 z - 2 potions of cancellation
 C - a potion of magic
 L - a potion of heal wounds {unknown}


   Skills:
 + Level 9.1 Short Blades
 + Level 10.6 Dodging
 + Level 13.0 Stealth
 + Level 10.2 Spellcasting
 + Level 10.4 Hexes


You had 19 spell levels left.
You knew the following spells:

 Your Spells              Type           Power      Damage    Failure   Level
b - Ensorcelled Hibernat  Hex/Ice        62%        N/A       1%          2
c - Confusing Touch       Hex            51%        N/A       1%          3
d - Tukima's Dance        Hex            51%        N/A       1%          3
e - Dazzling Flash        Conj/Hex       62%        N/A       2%          3

Your spell library contained the following spells:

 Spells                   Type           Power      Damage    Failure   Level
 Corona                   Hex            56%        N/A       1%          1
 Slow                     Hex            51%        N/A       1%          2
 Inner Flame              Hex/Fire       31%        N/A       2%          3
 Foxfire                  Conj/Fire      40%        2x1d6     7%          1
 Sublimation of Blood     Necr           5%         N/A       11%         2
 Conjure Flame            Conj/Fire      10%        6-21      21%         3
 Ozocubu's Armour         Ice            10%        N/A       21%         3
 Metabolic Englaciation   Hex/Ice        15%        N/A       22%         5
 Yara's Violent Unravell  Hex/Tmut       15%        3d8       22%         5
 Petrify                  Tmut/Erth      10%        N/A       56%         4
 Irradiate                Conj/Tmut      5%         3d15      88%         5
 Simulacrum               Ice/Necr       5%         N/A       100%        6


Dungeon Overview and Level Annotations

Branches:
Dungeon (8/15)             Temple (1/1) D:6            Lair (6/6) D:8
 Shoals (0/4) Lair:2        Snake (0/4) Lair:3        Slime (0/5) Lair:6

Altars:
Cheibriados
Dithmenos
Elyvilon
Fedhas
Gozag
Makhleb
Nemelex Xobeh
Ru
Sif Muna
Trog
Uskayaw
Yredelemnul
Zin
The Shining One
Jiyva

Shops:
D:7 *:([

Annotations:
D:4 exclusion: 2 doors, Pikel, Robin
D:5 exclusions: orc wizard and 1 more exclusion
Lair:2 exclusion: hydra
Lair:3 Smaepdii's ghost, journeyman GrFi
Lair:5 Rupert; Snorg


Innate Abilities, Weirdness & Mutations

You are very small and have problems with some larger weapons.
You are too small for most types of armour.
You have supernaturally acute eyesight. (SInv)
You cover ground extremely quickly. (Speed+++)
You have large cloven feet.


Message History

The black mamba completely misses you.
You feel better. The black mamba closely misses you.
The water moccasin misses you. The black mamba closely misses you.
Found 20 gold pieces.
Casting: Ensorcelled Hibernation (safe; 1% risk of failure)
Confirm with . or Enter, or press ? or * to list all spells.
Aiming: Ensorcelled Hibernation (safe; 1% risk of failure)
Press: ? - help, Shift-Dir - straight line, f - water moccasin
Aim: a water moccasin (chance to affect: 60%)
The water moccasin looks drowsy...
A water moccasin comes into view.
Snorg the Insatiable comes into view.
A yak comes into view.
A rime drake comes into view.
The rime drake breathes ice at you. The flash freeze hits you!
* * * LOW HITPOINT WARNING * * *
You are encased in ice.
You feel better. The black mamba completely misses you.
Okay, then.
Unknown command.
Okay, then.
Okay, then.
The black mamba completely misses you.
The water moccasin barely misses the jelly.
The black mamba completely misses you. The ice encasing you melts away.
A rime drake comes into view.
The black mamba misses you.
You feel better. The rime drake bites you.
* * * LOW HITPOINT WARNING * * *
The black mamba completely misses you. The rime drake barely misses you.
Okay, then.
Okay, then.
You hear a slurping noise.
The black mamba misses you.
Okay, then.
The rime drake breathes ice at you. The flash freeze hits you!!
Ouch! That really hurt!
You die...

........†....##.##PPP
..#....#.@........P..
#....>##.S..........
#......####....#.....
#....#.# #...#......
.....#.####..........
.....#.##P####.....#
.......#...##@....##
.......@SkS.T.....#
...##.............#
#....k.......#.#
##.P......J...##
#.............
#.....PP......
.....#PP.....


You could see Rupert, Snorg, a black mamba, 2 rime drakes and a water moccasin.

Vanquished Creatures
  3 black mambas
  2 merfolk sirens (Lair:2)
  A torpor snail (Lair:3)
  3 cane toads (Lair:3)
  A komodo dragon (Lair:3)
  Grinder (D:6)
  A polar bear (Lair:6)
  5 blink frogs
  Sigmund (D:2)
  A wyvern (Lair:6)
  A basilisk (Lair:1)
  Eustachio (D:4)
  17 yaks
  15 water moccasins
  An ice beast (D:7)
  A centaur (D:7)
  A kobold brigand (D:6)
  2 gnoll sergeants
  2 bullfrogs
  A scorpion (D:7)
  An electric eel (Lair:2)
  4 howler monkeys
  2 centaur zombies
  3 bullfrog zombies (D:6)
  A hound (D:7)
  2 orc priests (D:8)
  3 centaur skeletons
  2 iguanas
  2 orc wizards
  3 hell rats (D:8)
  2 howler monkey zombies
  7 gnolls
  5 adders
  2 river rats (D:8)
  A white imp (D:7)
  2 ufetubi (D:5)
  A worm (D:3)
  A dart slug (D:2)
  15 orcs
  8 endoplasms
  6 giant cockroaches
  5 goblins
  10 hobgoblins
  9 jackals
  5 quokkas
  11 ball pythons
  5 bats
  4 frilled lizards
  12 kobolds
  6 rats
201 creatures vanquished.

Vanquished Creatures (collateral kills)
  A blink frog (Lair:6)
  2 yaks (Lair:6)
  A gnoll (D:6)
  A plant (Lair:6)
5 creatures vanquished.

Vanquished Creatures (others)
  A hydra (Lair:3)
  3 slime creatures (Lair:3)
  9 blink frogs
  2 dancing weapons (D:6)
  3 yaks (Lair:6)
  A redback (Lair:6)
  3 basilisks (Lair:3)
  2 water moccasins (Lair:3)
  A black bear (Lair:3)
  A bullfrog (Lair:2)
  18 jellies
  4 endoplasms (Lair:6)
  44 fungi
  80 plants
172 creatures vanquished.

Grand Total: 378 creatures vanquished

Notes
Turn   | Place    | Note
-------+----------+-------------------------------------------
     0 | D:1      | dinky the Spriggan Enchanter began the quest for the Orb.
     0 | D:1      | Reached XP level 1. HP: 9/9 MP: 5/5
   202 | D:1      | Found a faded altar of an unknown god.
   381 | D:1      | Reached XP level 2. HP: 13/13 MP: 6/6
   500 | D:1      | Learned a level 2 spell: Ensorcelled Hibernation
   958 | D:1      | Reached skill level 5 in Stealth
  1322 | D:1      | Reached XP level 3. HP: 16/16 MP: 8/8
  1732 | D:2      | Learned a level 3 spell: Confusing Touch
  1898 | D:2      | Found a shimmering blue altar of Sif Muna.
  2231 | D:2      | Noticed Sigmund
  2286 | D:3      | Gained mutation: You are frail. (-10% HP) [potion of
                  | mutation]
  2286 | D:3      | Lost mutation: You are frail. (-10% HP) [potion of
                  | mutation]
  2286 | D:3      | Gained mutation: You have large cloven feet. [potion of
                  | mutation]
  2480 | D:3      | Reached XP level 4. HP: 14/21 MP: 1/10
  3067 | D:3      | Learned a level 3 spell: Tukima's Dance
  3449 | D:2      | Killed Sigmund
  3450 | D:2      | Reached skill level 6 in Stealth
  3450 | D:2      | Reached XP level 5. HP: 24/24 MP: 6/12
  3761 | D:4      | Noticed a lemure
  3872 | D:4      | Noticed Robin
  3894 | D:4      | Noticed a lemure
  3896 | D:4      | Noticed a lemure
  4116 | D:4      | Noticed Eustachio
  4138 | D:4      | Killed Eustachio
  4139 | D:4      | Reached skill level 5 in Hexes
  4139 | D:4      | Reached XP level 6. HP: 9/28 MP: 2/13
  4490 | D:4      | Noticed Pikel
  4570 | D:5      | Entered Level 5 of the Dungeon
  5408 | D:6      | Found a basalt altar of Yredelemnul.
  5419 | D:6      | Noticed a water moccasin
  5436 | D:6      | Killed a water moccasin
  5437 | D:6      | Reached skill level 7 in Stealth
  5437 | D:6      | Reached skill level 5 in Spellcasting
  5437 | D:6      | Reached XP level 7. HP: 21/32 MP: 10/15
  5605 | D:6      | Learned a level 3 spell: Dazzling Flash
  5610 | D:6      | You fall into a shaft and drop 2 floors!
  5837 | D:7      | Reached skill level 5 in Dodging
  5851 | D:6      | Noticed a yak
  5853 | D:6      | Noticed a yak
  5854 | D:6      | Noticed a yak
  5854 | D:6      | Noticed a yak
  5864 | D:6      | Noticed a yak
  5869 | D:6      | Noticed a yak
  5902 | D:6      | Killed a yak
  5903 | D:6      | Reached skill level 8 in Stealth
  5903 | D:6      | Reached XP level 8. HP: 24/36 MP: 10/17
  6015 | D:6      | Reached skill level 5 in Short Blades
  6043 | D:6      | Reached skill level 9 in Stealth
  6279 | D:6      | Noticed Grinder
  6281 | D:6      | Paralysed by Grinder for 3 turns
  6286 | D:6      | Killed Grinder
  6287 | D:6      | Reached XP level 9. HP: 35/39 MP: 20/20
  6323 | D:6      | Found a staircase to the Ecumenical Temple.
  6346 | Temple   | Entered the Ecumenical Temple
  6380 | Temple   | Became a worshipper of Elyvilon the Healer
  7377 | D:7      | Found Maoh's Assorted Antiques.
  7405 | D:7      | Bought a scroll labelled NEOTWOVOPU for 33 gold pieces
  7405 | D:7      | Bought a fuming grey potion for 29 gold pieces
  7405 | D:7      | Bought a glowing robe for 122 gold pieces
  7421 | D:7      | Found Puotu's Antique Weapon Shoppe.
  7433 | D:7      | Reached skill level 10 in Stealth
  7528 | D:7      | Found Sutoizou's Book Emporium.
  7572 | D:7      | Reached * piety under Elyvilon
  7631 | D:7      | Found Anwib's Antique Armour Boutique.
  8137 | D:7      | Bought a runed scarf for 192 gold pieces
  8395 | D:8      | Found a staircase to the Lair.
  8395 | D:8      | Noticed a death yak
  8396 | D:8      | Noticed a death yak
  8396 | D:8      | Noticed a death yak
  8549 | Lair:1   | Entered Level 1 of the Lair of Beasts
  8641 | Lair:1   | Reached ** piety under Elyvilon
  8847 | Lair:2   | Noticed a six-headed hydra
  8950 | Lair:2   | Found a staircase to the Shoals.
  8950 | Lair:2   | Noticed a merfolk siren
  8957 | Lair:2   | Killed a merfolk siren
  8994 | Lair:2   | Noticed a merfolk siren
  8996 | Lair:2   | Killed a merfolk siren
  8997 | Lair:2   | Reached XP level 10. HP: 44/44 MP: 23/23
  9120 | Lair:3   | Noticed a black mamba
  9126 | Lair:3   | Noticed a cane toad
  9129 | Lair:3   | Killed a cane toad
  9130 | Lair:3   | Reached skill level 11 in Stealth
  9206 | Lair:3   | Found a runed translucent gate.
  9206 | Lair:3   | Found a runed translucent gate.
  9207 | Lair:3   | Found a runed translucent gate.
  9207 | Lair:3   | Noticed Smaepdii's ghost (journeyman GrFi)
  9207 | Lair:3   | Noticed a quicksilver ooze
  9221 | Lair:3   | Found a viscous altar of Jiyva.
  9263 | Lair:3   | Noticed a torpor snail
  9288 | Lair:3   | Killed a torpor snail
  9408 | Lair:3   | Reached *** piety under Elyvilon
  9421 | Lair:3   | Reached skill level 12 in Stealth
  9427 | Lair:3   | Noticed a black mamba
  9438 | Lair:3   | Killed a black mamba
  9463 | Lair:3   | Noticed a cane toad
  9469 | Lair:3   | Killed a cane toad
  9950 | Lair:3   | Found a staircase to the Snake Pit.
  9969 | Lair:3   | Noticed a seven-headed hydra
  9994 | Lair:3   | Noticed an eight-headed hydra
 10026 | Lair:3   | Fell from the grace of Elyvilon
 10026 | Lair:3   | Became a worshipper of Jiyva Jiqeg the Shapeless
 10080 | Lair:3   | Noticed a cane toad
 10091 | Lair:3   | Killed a cane toad
 10092 | Lair:3   | Reached skill level 10 in Dodging
 10092 | Lair:3   | Reached XP level 11. HP: 20/47 MP: 6/25
 10367 | Lair:3   | Reached * piety under Jiyva
 11066 | D:6      | Reached ** piety under Jiyva
 11314 | Lair:3   | Reached skill level 10 in Hexes
 11367 | Lair:3   | Killed an eight-headed hydra
 11436 | Lair:3   | You fall into a shaft and drop 3 floors!
 11436 | Lair:6   | Entered Level 6 of the Lair of Beasts
 11491 | Lair:6   | Reached skill level 10 in Spellcasting
 11519 | Lair:6   | Found a staircase to the Slime Pits.
 11550 | Lair:6   | Noticed a wolf spider
 11565 | Lair:6   | Noticed a boulder beetle
 11577 | Lair:6   | Noticed a seven-headed hydra
 11583 | Lair:6   | Noticed a five-headed hydra
 11768 | Lair:5   | Reached skill level 13 in Stealth
 11774 | Lair:5   | Noticed Rupert
 11785 | Lair:5   | Noticed Snorg
 11786 | Lair:5   | HP: 1/47 [rime drake/flash freeze (12)]
 11795 | Lair:5   | Killed from afar by a rime drake

Illustrated notes

Levels and vault maps discovered:
D:1:      saegor_arrival_under_anarchy, layout_basic,
          hellmonk_ecumenical_altar_crossroads
D:2:      layout_basic, basic_altar, kennysheep_generic_room_13, uniq_sigmund
D:3:      layout_loops_ring
D:4:      layout_cave_pools, small_statue_intersection,
          chequers_serial_rivers_micro_b, kennysheep_generic_room_6,
          uniq_eustachio, uniq_pikel, uniq_robin
D:5:      kennysheep_windowed_halls, layout_basic
D:6:      layout_cave_pods, kennysheep_mini, minmay_temple_entry_arrows,
          hex_medium, st_stairs_8, hangedman_glass_teeth, uniq_grinder
D:7:      layout_loops_ring, serial_shops, nicolae_shop_overgrown_old_shop,
          shop, shop, shop
D:8:      layout_basic, dpeg_lair_monsters, wad_floor_pattern_untrapped
Temple:   nicolae_temple_the_god_donut
Lair:1:   layout_chaotic_city, ebering_ghost_disaster_area
Lair:2:   layout_misc_corridors, elwin_shoals_entry_rooms
Lair:3:   layout_small_grid, minmay_snake_entry_six_corridors,
          gammafunk_ghost_ooze, chequers_serial_rivers_micro_c, minmay_holes,
          kennysheep_basilisk_garden
Lair:5:   layout_misc_corridors, beast_lair_carwin_2, uniq_rupert, uniq_snorg
Lair:6:   hangedman_lair_tendril_chambers, layout_misc_corridors,
          nicolae_slime_entry_slimehenge

Skill      XL: |  1  2  3  4  5  6  7  8  9 10 11 |
---------------+----------------------------------+-----
Spellcasting   | 3 4 5 6 8 9 10 | 10.2
Hexes          | 4 5 6 7 8 9 10 | 10.4
Stealth        | 5 6 7 8 9 10 12 13 | 13.0
Short Blades   | 2 3 4 5 7 8 9 |  9.1
Dodging        | 3 4 5 6 8 10 | 10.6

Action                   |  1- 3 |  4- 6 |  7- 9 | 10-12 || total
-------------------------+-------+-------+-------+-------++-------
Melee: Dagger            |   136 |    27 |       |       ||   163
       Kick              |     1 |    10 |    17 |    16 ||    44
       Short sword       |       |    82 |   133 |   104 ||   319
 Cast: Corona            |     7 |     1 |     8 |       ||    16
       Ensorcelled Hiber |    36 |    29 |    25 |    70 ||   160
       Tukima's Dance    |       |     1 |     7 |       ||     8
       Confusing Touch   |       |       |     3 |     3 ||     6
       Dazzling Flash    |       |       |     1 |       ||     1
Invok: Lesser Healing    |       |       |       |     3 ||     3
       Request Jelly     |       |       |       |    16 ||    16
Evoke: Wand              |       |       |    10 |     4 ||    14
  Use: Potion            |     3 |     1 |       |     6 ||    10
       Scroll            |     2 |     5 |     3 |    10 ||    20
 Stab: Distracted        |     2 |       |     2 |       ||     4
       Sleeping          |    29 |    16 |    33 |    32 ||   110
       Confused          |       |       |     2 |     2 ||     4
Armor: Robe              |    18 |     9 |     5 |     3 ||    35
Dodge: Dodged            |   125 |   106 |    80 |   117 ||   428
